 Dungeon Crawl Stone Soup version 0.28.0-53-g5a82cb258f (webtiles) character file.

Game seed: 11352696359419541432

37 diana the Insei (level 3, -2/24 HPs)
             Began as an Octopode Transmuter on Aug 22, 2022.
             Slain by an orc priest
             ... wielding a +0 hand axe
              (3 damage)
             ... on level 4 of the Dungeon.
             The game lasted 00:03:05 (1573 turns).

diana the Insei (Octopode Transmuter)               Turns: 1573, Time: 00:03:05

Health: -2/24      AC:  1    Str:  9    XL:     3   Next: 41%
Magic:  6/6        EV: 13    Int: 17    God:
Gold:   68         SH:  0    Dex: 12    Spells: 5/6 levels left

rFire   . . .      SeeInvis .     - Unarmed
rCold   . . .      Faith    .   (no shield)
rNeg    . . .      Spirit   .   (helmet currently unavailable)
rPois   .          Reflect  .   (no amulet)
rElec   .          Harm     .   (no ring)
rCorr   .          Rampage  .   (no ring)
Will    .....                   (no ring)
Stlth   ++........              (no ring)
HPRegen 0.08/turn               (no ring)
MPRegen 0.10/turn               (no ring)
                                (no ring)
                                (no ring)

@: appendages (expiring)
A: tentacle spike 3, almost no armour, amphibious, 8 rings, camouflage 1,
gelatinous body 1, (nimble swimmer 1), tentacles
a: End Transformation


You were on level 4 of the Dungeon.
One of your tentacles had grown a beastly spike.
You visited 1 branch of the dungeon, and saw 3 of its levels.

You collected 68 gold pieces.

Inventory:

Scrolls
 b - a scroll of torment {unknown}
 c - a scroll of teleportation {unknown}
Potions
 a - a potion of cancellation {unknown}
 d - a potion of attraction {unknown}


   Skills:
 * Level 2.0 Fighting
 + Level 2.3 Dodging
 + Level 3.2 Unarmed Combat
 + Level 2.3 Spellcasting
 + Level 2.3 Transmutations


You had 5 spell levels left.
You knew the following spells:

 Your Spells              Type           Power      Damage    Failure   Level
a - Beastly Appendage     Tmut           18%        N/A       8%          1

Your spell library contained the following spells:

 Spells                   Type           Power      Damage    Failure   Level
 Wereblood                Tmut           9%         N/A       11%         2
 Spider Form              Tmut/Pois      5%         N/A       34%         3
 Ice Form                 Ice/Tmut       5%         N/A       75%         4


Dungeon Overview and Level Annotations

Branches:
Dungeon (2/15)

Altars:


Innate Abilities, Weirdness & Mutations

One of your tentacles has grown a beastly spike.
You cannot wear most types of armour.
You are amphibious.
You can wear up to eight rings at the same time.
Your skin changes colour to match your surroundings (Stealth+).
Your rubbery body absorbs attacks. (AC +1, EV +1)
((You are camouflaged when in or above water. (Stealth+)))
You have tentacles for arms and can constrict up to eight enemies at once.


Message History

The orc closely misses you.
You barely miss the orc.
The orc priest shouts!
You grab the orc.
You tentacle-slap the orc, but do no damage.
You constrict the orc, but do no damage.
The orc hits you with a +0 dagger.
You tentacle-slap the orc.
You pierce the orc.
You kill the orc!
Your transformation is almost over.
The orc priest misses you.
You tentacle-slap the orc priest but do no damage.
Your grab misses the orc priest.
You pierce the orc priest, but do no damage.
Your squeeze misses the orc priest.
The orc priest calls down the wrath of Beogh upon you.
Beogh smites you!
You hear a shout!
You closely miss the orc priest. You grab the orc priest.
You pierce the orc priest.
The orc priest is lightly wounded.
You constrict the orc priest, but do no damage.
The orc priest misses you.
You tentacle-slap the orc priest.
You pierce the orc priest.
The orc priest is heavily wounded.
You constrict the orc priest.
The orc priest calls down the wrath of Beogh upon you.
Beogh smites you!
* * * LOW HITPOINT WARNING * * *
You tentacle-slap the orc priest but do no damage.
The orc priest is severely wounded.
You constrict the orc priest, but do no damage.
The orc priest hits you with a +0 hand axe.
* * * LOW HITPOINT WARNING * * *
You completely miss the orc priest.
You pierce the orc priest, but do no damage.
The orc priest is severely wounded.
You constrict the orc priest.
The orc priest hits you with a +0 hand axe.
You die...

..... ...+.... #.# #.#O###.#
..... #.# #o#...#.#####..####.#
#.....#.#...........#
#.....#.#.####.#.##.# #....#.#
#.....#.##### #....#.#
#.#o#.#.....# ##+#...#
#.#.o.#.###'######## #.#..##
#.##@##.##.........#
#.#...#.###....)..##.........#
###.#...#....###..#.#..........#
....##..####.# ##.#.#..........#
######..# #.####...#..........#
........# #.....#..#..........#
.#####.#########.#..#..........#
.# ##+#.....#...#..#..........#
.# #[...###.#.###..#..........#


You could see an orc priest and an orc.

Vanquished Creatures
  An adder (D:4)
  An orc (D:4)
  4 ball pythons (D:1)
  4 endoplasms (D:1)
  A giant cockroach (D:1)
  2 goblins (D:1)
  4 hobgoblins (D:1)
  A quokka (D:1)
  A bat (D:1)
  2 frilled lizards (D:1)
  A kobold (D:1)
  6 rats (D:1)
28 creatures vanquished.

Notes
Turn   | Place    | Note
-------+----------+-------------------------------------------
     0 | D:1      | diana the Octopode Transmuter began the quest for the Orb.
     0 | D:1      | Reached XP level 1. HP: 13/13 MP: 3/3
   294 | D:1      | Reached XP level 2. HP: 17/18 MP: 1/5
   975 | D:1      | Found a faded altar of an unknown god.
   978 | D:1      | Reached XP level 3. HP: 22/24 MP: 4/6
  1365 | D:2      | You fall into a shaft and drop 2 floors!
  1430 | D:4      | Noticed an ogre
  1572 | D:4      | HP: 1/24 [orc priest/+0 hand axe (2)]
  1573 | D:4      | Slain by an orc priest

Illustrated notes

Levels and vault maps discovered:
D:1:      matt_arrival_refuge, layout_basic, shapermc_ecumenical_altar_venn
D:2:      layout_rooms, basic_altar
D:4:      layout_basic, chequers_jeans

Skill      XL: |  1  2  3 |
---------------+----------+-----
Fighting       | 2 |  2.0
Dodging        | |  2.3
Unarmed Combat | |  3.2
Spellcasting   | |  2.3
Transmutations | |  2.3

Action                   || total
-------------------------++-------
Melee: Unarmed           ||    55
       Kick              ||    20
       Constrict         ||    13
       Tentacles         ||     6
       Punch             ||     2
 Cast: Beastly Appendage ||    22
 Stab: Sleeping          ||     5
Armor: Skin              ||     1
Dodge: Dodged            ||    31
